 Dungeon Crawl Stone Soup version 0.30.0-29-ga12c61a403 (webtiles) character file.

Game seed: 14347525580010362417

16223 IndexError the Thaumaturge (level 12, -15/104 HPs)
             Began as a Yellow Draconian Conjurer on June 2, 2023.
             Was an Elder of Sif Muna.
             Killed by vampiric draining
             ... invoked by a vampire
              (18 damage)
             ... on level 12 of the Dungeon on June 3, 2023.
             The game lasted 00:38:44 (17933 turns).

IndexError the Thaumaturge (DrCj)                  Turns: 17933, Time: 00:38:45

Health: -15/104    AC: 12    Str: 10    XL:     12   Next: 8%
Magic:  7/26       EV: 17    Int: 23    God:    Sif Muna [****..]
Gold:   698        SH:  5    Dex: 10    Spells: 17/31 levels left

rFire   . . .        m - +2 whip (freeze)
rCold   . . .        (no shield)
rNeg    . . .        (body armour unavailable)
rPois   .            (helmet restricted)
rElec   .            z - +2 cloak
rCorr   +            (no gloves)
SInv    .            u - +0 pair of boots
Will    .....        g - amulet of reflection
Stlth   ++           l - ring of flight {+Fly, !d}
HPRegen 0.37/turn    A - +5 ring of evasion
MPRegen 0.20/turn

%: reflection
@: flying, very slightly contaminated
A: spit acid, AC +8, unfitting armour, cold-blooded, acid resistance
a: Breathe Acid, Renounce Religion, Channel Magic, Forget Spell, Divine Exegesis


You were on level 12 of the Dungeon.
You worshipped Sif Muna.
Sif Muna was greatly pleased with you.
You visited 2 branches of the dungeon, and saw 13 of its levels.

You collected 698 gold pieces.

Inventory:

Hand Weapons
 m - a +2 whip of freezing (weapon)
   (You took it off a gnoll bouda on level 5 of the Dungeon)
 q - a +2 hand axe of venom
   (You took it off an orc on level 4 of the Dungeon)
Missiles
 e - 5 throwing nets {=f, !d}
 t - 5 curare-tipped darts
Armour
 u - a +0 pair of boots (worn)
   (You found it on level 6 of the Dungeon)
 z - a +2 cloak (worn)
   (You found it on level 9 of the Dungeon)
Jewellery
 g - an amulet of reflection (around neck)
   (You found it on level 2 of the Dungeon)
 l - a ring of flight (left hand) {+Fly, !d}
   (You took it off a hobgoblin on level 3 of the Dungeon)
 s - a ring of ice {rC+, rF-}
   (You found it on level 6 of the Dungeon)
 A - a +5 ring of evasion (right hand)
   (You found it on level 9 of the Dungeon)
Wands
 o - a wand of polymorph (9)
   (You found it on level 8 of the Dungeon)
 p - a wand of flame (87)
   (You found it on level 6 of the Dungeon)
 D - a wand of digging (4)
   (You found it on level 12 of the Dungeon)
Scrolls
 b - 4 scrolls of teleportation
 i - a scroll of enchant weapon
 j - 2 scrolls of poison {!r}
 r - a scroll of noise {!r}
 w - 2 scrolls of fog
 x - a scroll of amnesia
 y - 5 scrolls of magic mapping {!r}
 B - a scroll of silence
 C - 2 scrolls of identify
Potions
 a - 2 potions of magic
 c - 9 potions of curing
 d - 3 potions of attraction {!q}
 f - 2 potions of haste
 h - 4 potions of heal wounds
 k - 3 potions of might
 n - a potion of mutation {!q}
 v - a potion of invisibility {unknown}


   Skills:
 + Level 9.1 Fighting
 - Level 1.7 Dodging
 - Level 1.7 Stealth
 - Level 10.0 Spellcasting
 - Level 10.0 Conjurations
 - Level 6.0 Hexes
 - Level 5.0 Translocations
 * Level 8.8 Invocations


You had 17 spell levels left.
You knew the following spells:

 Your Spells              Type           Power      Damage    Failure   Level
a - Magic Dart            Conj           100%       1d8       1%          1
b - Searing Ray           Conj           100%       2d8       1%          2
c - Fulminant Prism       Conj/Hex       24%        3d12      1%          4
d - Tukima's Dance        Hex            39%        N/A       1%          3
x - Iskenderun's Mystic   Conj/Tloc      46%        2d10      2%          4

Your spell library contained the following spells:

 Spells                   Type           Power      Damage    Failure   Level
 Kiss of Death            Conj/Necr      100%       2d13      1%          1
 Confusing Touch          Hex            39%        N/A       1%          3
 Dazzling Flash           Conj/Hex       96%        N/A       1%          3
 Ensorcelled Hibernation  Hex/Ice        50%        N/A       2%          2
 Gell's Gravitas          Tloc           34%        N/A       2%          3
 Stone Arrow              Conj/Erth      68%        3d11      2%          3
 Teleport Other           Tloc           34%        N/A       2%          3
 Inner Flame              Hex/Fire       25%        N/A       4%          3
 Cause Fear               Hex            19%        N/A       4%          4
 Sandblast                Erth           22%        2d7       5%          1
 Flame Wave               Conj/Fire      34%        2d10      7%          4
 Passage of Golubria      Tloc           34%        N/A       7%          4
 Sticky Flame             Conj/Fire      34%        2d5       7%          4
 Passwall                 Tmut/Erth      9%         N/A       9%          2
 Anguish                  Hex/Necr       12%        N/A       16%         4
 Leda's Liquefaction      Hex/Erth       12%        N/A       16%         4
 Swiftness                Air            11%        N/A       17%         3
 Yara's Violent Unravell  Hex/Tmut       12%        3d7       41%         5
 Animate Dead             Necr           11%        N/A       50%         4
 Dispel Undead            Necr           11%        3d9       50%         4
 Olgreb's Toxic Radiance  Pois           11%        N/A       50%         4
 Dispersal                Tloc           17%        N/A       73%         6
 Enfeeble                 Hex            19%        N/A       99%         7
 Dragon Form              Tmut           5%         N/A       100%        7
 Dragon's Call            Summ           5%         N/A       100%        9


Dungeon Overview and Level Annotations

Branches:
Dungeon (12/15)            Temple (1/1) D:5            Lair (0/5) D:10
    Orc (0/2) D:11

Altars:
Ashenzari
Cheibriados
Dithmenos
Elyvilon
Fedhas
Gozag
Hepliaklqana
Kikubaaqudgha
Makhleb
Nemelex Xobeh
Okawaru
Qazlal
Ru
Sif Muna
Trog
Uskayaw
Vehumet
Wu Jian
Xom
Yredelemnul
Zin
The Shining One

Annotations:
D:9 exclusion: wizard


Innate Abilities, Weirdness & Mutations

You can spit globs of acid.
Your golden yellow scales are hard. (AC +8)
You cannot fit into any form of body armour.
You are cold-blooded and may be slowed by cold attacks.
You are resistant to acid. (rCorr)


Message History

Something hits you! Something bites you but does no damage.
You take 8 damage, and have 76/104 hp.
You closely miss something.
Your tail-slap misses something.
Something hits you. Something barely misses you. Something hits you.
Something barely misses you.
You take 8 damage, and have 68/104 hp.
You hit something but do no damage. Something closely misses you.
Something bites you.
Something draws strength from your injuries!
You take 4 damage, and have 64/104 hp.
You hit something. You freeze something. You tail-slap something.
Something hits you. Something bites you.
Something draws strength from your injuries!
You take 5 damage, and have 59/104 hp.
Casting: Fulminant Prism (mildly dangerous; 1% risk of failure)
Confirm with . or Enter, or press ? or * to list all spells.
Aiming: Fulminant Prism (mildly dangerous; 1% risk of failure)
Press: ? - help, Dir - move target You conjure a prism of explosive energy!
A fulminant prism comes into view.
Something hits you but does no damage. Something barely misses you.
You now have 0/26 mp.
You hit something but do no damage. You block something's attack.
Something bites you.
Something draws strength from your injuries!
Your fulminant prism crackles loudly.
You take 3 damage, and have 56/104 hp.
You miss something. Something hits you. Something bites you.
Something draws strength from your injuries!
The blast of energy engulfs something!
You take 8 damage, and have 48/104 hp.
Something hits you! Something bites you!
* * * LOW HITPOINT WARNING * * *
Something draws strength from your injuries!
You take 18 damage, and have 30/104 hp.
You regained 4 mp, and now have 4/26 mp.
Casting: Fulminant Prism (mildly dangerous; 1% risk of failure)
Confirm with . or Enter, or press ? or * to list all spells.
Aiming: Fulminant Prism (mildly dangerous; 1% risk of failure)
Press: ? - help, Dir - move target You conjure a prism of explosive energy!
A fulminant prism comes into view.
Something hits you.
* * * LOW HITPOINT WARNING * * *
Something bites you but does no damage.
You now have 3/26 mp.
Something barely misses you. Something bites you but does no damage.
Your fulminant prism crackles loudly.
You regained 4 mp, and now have 7/26 mp.
Casting: Fulminant Prism (mildly dangerous; 1% risk of failure)
Confirm with . or Enter, or press ? or * to list all spells.
You can't see any susceptible monsters within range! (Use Z to cast anyway.) Unknown command.
Casting: Fulminant Prism (mildly dangerous; 1% risk of failure)
Confirm with . or Enter, or press ? or * to list all spells.
You erupt in a blast of force!
The mystic blast hits something.
Something collides with your fulminant prism!
The blast of energy engulfs something!
Casting: Iskenderun's Mystic Blast (mildly dangerous; 2% risk of failure)
Confirm with . or Enter, or press ? or * to list all spells.
You erupt in a blast of force!
The mystic blast hits something.
Casting: Iskenderun's Mystic Blast (mildly dangerous; 2% risk of failure)
Confirm with . or Enter, or press ? or * to list all spells.
Aiming: Fulminant Prism (mildly dangerous; 1% risk of failure)
Press: ? - help, Dir - move target You conjure a prism of explosive energy!
A fulminant prism comes into view.
Casting: Fulminant Prism (mildly dangerous; 1% risk of failure)
Confirm with . or Enter, or press ? or * to list all spells.
You can't see any susceptible monsters within range! (Use Z to cast anyway.)
Casting: Fulminant Prism (mildly dangerous; 1% risk of failure)
Confirm with . or Enter, or press ? or * to list all spells.
Aiming: Searing Ray (safe; 1% risk of failure)
Press: ? - help, Shift-Dir - straight line You miscast Searing Ray.
You are very lightly contaminated with residual magic.
Nothing appears to happen.
You feel less invigorated.
Your fulminant prism crackles loudly.
Something closely misses you. Something bites you!
* * * LOW HITPOINT WARNING * * *
Something draws strength from your injuries!
The blast of energy engulfs something.
You take 8 damage, and have 23/104 hp.
Casting: Searing Ray (safe; 1% risk of failure)
Confirm with . or Enter, or press ? or * to list all spells.
Aiming: Searing Ray (safe; 1% risk of failure)
Press: ? - help, Shift-Dir - straight line The searing ray hits something but does no damage. (Press . to maintain the ray.)
Something hits you!
* * * LOW HITPOINT WARNING * * *
Something bites you!
* * * LOW HITPOINT WARNING * * *
Something draws strength from your injuries!
You take 15 damage, and have 8/104 hp.
You now have 8/26 mp.
The searing ray hits something!
Something draws life force from you.
* * * LOW HITPOINT WARNING * * *
You take 6 damage, and have 2/104 hp.
You now have 7/26 mp.
The searing ray hits something!
Something draws life force from you!!
You die...

#...# #..# #.##.......
#...# #..# #.##.......
#...# #..# #.##.....^.
#..# #.##....... #
#..# #.##....... #.
#..# #.##....... #..
#..# #.##.......
#...###..###.##.......
#...{@.......##.......
######################


There were no monsters in sight!

Vanquished Creatures
  A wizard (D:9)
  An ugly thing (D:11)
  2 cyclopes (D:12)
  A manticore (D:12)
  A komodo dragon (D:12)
  A kobold demonologist (D:11)
  2 unseen horrors
  Psyche (D:10)
  3 trolls
  A basilisk (D:12)
  2 shadows
  2 vampires (D:11)
  A wraith (D:12)
  7 wyverns (D:10)
  19 yaks
  2 vampire mosquitoes (D:11)
  2 steam dragons
  2 acid dragons
  4 water moccasins (D:10)
  A black bear (D:8)
  8 orc warriors
  A hornet zombie (D:6)
  4 ice beasts
  2 ogres (D:5)
  5 centaurs
  5 phantoms
  3 kobold brigands
  5 gnoll sergeants
  4 bullfrogs
  4 scorpions
  3 wyvern zombies (D:6)
  7 wights
  A water moccasin skeleton (D:6)
  15 killer bees
  3 electric eels (D:11)
  A centaur zombie (D:6)
  A crimson imp (D:9)
  12 orc priests
  4 hounds
  3 jellies
  2 bullfrog skeletons (D:6)
  A gnoll bouda (D:5)
  4 iguanas
  4 sleepcaps
  17 orc wizards
  A mummy (D:5)
  29 gnolls
  10 adders
  2 shadow imps (D:6)
  2 white imps
  An ufetubus (D:5)
  A worm (D:2)
  2 dart slugs (D:2)
  48 orcs
  2 ball pythons (D:2)
  A bat zombie (D:9)
  11 endoplasms
  3 giant cockroaches
  10 goblins
  8 hobgoblins
  16 kobolds
  6 quokkas
  8 bats
  3 frilled lizards
  3 rats
  A rat zombie (D:9)
343 creatures vanquished.

Vanquished Creatures (others)
  A quokka (D:10)
  A kobold (D:9)
  68 fulminant prisms
70 creatures vanquished.

Grand Total: 413 creatures vanquished

Notes
Turn   | Place    | Note
-------+----------+-------------------------------------------
     0 | D:1      | IndexError the Draconian Conjurer began the quest for the
                  | Orb.
     0 | D:1      | Reached XP level 1. HP: 14/14 MP: 3/3
   259 | D:1      | Reached XP level 2. HP: 19/20 MP: 1/5
   991 | D:1      | Learned a level 2 spell: Searing Ray
  1004 | D:2      | Reached XP level 3. HP: 22/26 MP: 0/7
  1346 | D:2      | Reached skill level 3 in Spellcasting
  1976 | D:3      | Reached XP level 4. HP: 33/33 MP: 6/8
  2127 | D:3      | Found a snail-covered altar of Cheibriados.
  2693 | D:3      | Found a glowing silver altar of Zin.
  2764 | D:3      | Reached skill level 5 in Conjurations
  3166 | D:4      | Noticed an ogre
  3249 | D:4      | Found a shimmering blue altar of Sif Muna.
  3749 | D:4      | Reached XP level 5. HP: 36/38 MP: 6/10
  4042 | D:4      | Reached skill level 4 in Spellcasting
  4236 | D:5      | Entered Level 5 of the Dungeon
  4282 | D:5      | Noticed a centaur
  4291 | D:5      | HP: 8/38 [centaur (4)]
  4293 | D:5      | Killed a centaur
  4294 | D:5      | Reached XP level 6. HP: 8/45 MP: 4/12
  4611 | D:5      | Reached skill level 6 in Conjurations
  4684 | D:5      | HP: 8/45 [gnoll sergeant/+0 spear (8)]
  5171 | D:5      | Found a staircase to the Ecumenical Temple.
  5186 | Temple   | Entered the Ecumenical Temple
  5505 | D:4      | Became a worshipper of Sif Muna the Loreminder
  5609 | D:5      | HP: 3/45 [ogre/+0 giant club (21)]
  5611 | D:5      | Reached skill level 5 in Spellcasting
  5611 | D:5      | Your scales start taking on a golden yellow colour.
  5611 | D:5      | Reached XP level 7. HP: 4/50 MP: 4/14
  5611 | D:5      | Gained mutation: You are resistant to acid. (rCorr) [Yellow
                  | Draconian growth]
  5951 | D:5      | Reached skill level 7 in Conjurations
  6126 | D:5      | HP: 11/50 [gnoll/+0 spear[a gnoll bouda] (11)]
  6132 | D:5      | HP: 10/50 [gnoll/+0 spear[a gnoll bouda] (1)]
  6134 | D:5      | Reached skill level 6 in Spellcasting
  6831 | D:6      | Learned a level 4 spell: Fulminant Prism
  6884 | D:6      | Reached * piety under Sif Muna
  7009 | D:6      | Found a hazy altar of Hepliaklqana.
  7067 | D:6      | Reached XP level 8. HP: 57/57 MP: 10/17
  7211 | D:6      | Reached skill level 8 in Conjurations
  7348 | D:6      | Reached skill level 7 in Spellcasting
  7565 | D:6      | Reached skill level 1 in Hexes
  7726 | D:6      | Reached skill level 2 in Hexes
  7839 | D:6      | Reached skill level 8 in Spellcasting
  7956 | D:6      | Reached skill level 3 in Hexes
  8023 | D:6      | Reached XP level 9. HP: 62/62 MP: 12/21
  8078 | D:6      | Found a stormy altar of Qazlal.
  8080 | D:6      | Found a radiant altar of Vehumet.
  8156 | D:6      | Found a shadowy altar of Dithmenos.
  8311 | D:6      | Reached ** piety under Sif Muna
  8603 | D:7      | Reached skill level 4 in Hexes
  9421 | D:7      | Reached skill level 9 in Spellcasting
  9563 | D:7      | Reached skill level 5 in Hexes
  9567 | D:7      | Upgraded the game from 0.30.0-20-g3b4254fcbd to
                  | 0.30.0-29-ga12c61a403
  9572 | D:7      | Learned a level 4 spell: Iskenderun's Mystic Blast
  9576 | D:7      | Learned a level 3 spell: Tukima's Dance
 10303 | D:8      | Reached *** piety under Sif Muna
 10304 | D:8      | Reached skill level 6 in Hexes
 10453 | D:8      | Reached skill level 10 in Spellcasting
 10453 | D:8      | Reached skill level 1 in Fighting
 10453 | D:8      | Reached skill level 2 in Translocations
 10453 | D:8      | Reached XP level 10. HP: 72/72 MP: 11/24
 10456 | D:8      | Reached skill level 2 in Fighting
 10476 | D:8      | Reached skill level 3 in Translocations
 10478 | D:8      | HP: 17/73 [poisoned by a killer bee]
 10483 | D:8      | HP: 12/73 [poisoned by a killer bee]
 11438 | D:9      | Found an ornate altar of the Wu Jian Council.
 11795 | D:9      | Reached skill level 4 in Translocations
 11796 | D:9      | Reached skill level 3 in Fighting
 12040 | D:9      | Noticed a wizard
 12053 | D:9      | Killed a wizard
 12054 | D:9      | Reached skill level 4 in Fighting
 12054 | D:9      | Reached skill level 5 in Translocations
 12165 | D:9      | Reached skill level 9 in Conjurations
 12455 | D:9      | Found an ancient bone altar of Kikubaaqudgha.
 12505 | D:10     | Entered Level 10 of the Dungeon
 12576 | D:10     | Found a shimmering altar of Xom.
 12576 | D:10     | Found a shimmering altar of Xom.
 12606 | D:10     | Found a shimmering altar of Xom.
 12606 | D:10     | Found a shimmering altar of Xom.
 12616 | D:10     | Found a shimmering altar of Xom.
 12618 | D:10     | Found a shimmering altar of Xom.
 12743 | D:10     | Reached skill level 5 in Fighting
 12745 | D:10     | Reached **** piety under Sif Muna
 12750 | D:10     | HP: 19/81 [killer bee (8)]
 12755 | D:10     | HP: 12/82 [poisoned by a killer bee]
 13092 | D:10     | Reached XP level 11. HP: 54/89 MP: 6/25
 13096 | D:10     | Reached skill level 6 in Fighting
 13351 | D:10     | Reached skill level 10 in Conjurations
 13497 | D:10     | Reached skill level 1 in Invocations
 13586 | D:10     | Noticed Psyche
 13592 | D:10     | Killed Psyche
 13657 | D:10     | Noticed a swamp dragon
 13658 | D:10     | a swamp dragon changed into a lindwurm
 13658 | D:10     | Noticed a lindwurm (shapeshifter)
 13661 | D:10     | Found a shimmering altar of Xom.
 13661 | D:10     | Found a shimmering altar of Xom.
 13662 | D:10     | a torpor snail changed into a glowing orange brain
 13662 | D:10     | Noticed a glowing orange brain (shapeshifter)
 13699 | D:10     | Reached skill level 2 in Invocations
 13844 | D:10     | Found a staircase to the Lair.
 13880 | D:10     | Found a white marble altar of Elyvilon.
 13927 | D:10     | Reached skill level 3 in Invocations
 13976 | D:10     | Reached skill level 7 in Fighting
 14462 | D:11     | Noticed a cyan ugly thing
 14475 | D:11     | Killed a cyan ugly thing
 14476 | D:11     | Reached skill level 4 in Invocations
 14950 | D:11     | Reached skill level 5 in Invocations
 15029 | D:11     | Reached ***** piety under Sif Muna
 15029 | D:11     | Received a gift from Sif Muna
 15035 | D:11     | Got Sif Muna's Improving Your Spellweaving {god gift}
 15591 | D:11     | Reached skill level 6 in Invocations
 15767 | D:11     | Reached skill level 8 in Fighting
 15960 | D:11     | Found a staircase to the Orcish Mines.
 16259 | D:12     | Reached skill level 7 in Invocations
 16393 | D:12     | HP: 11/95 [cyclops/large rock (37)]
 17016 | D:12     | Reached skill level 8 in Invocations
 17139 | D:12     | Reached XP level 12. HP: 58/103 MP: 13/26
 17336 | D:12     | Reached skill level 9 in Fighting
 17930 | D:12     | HP: 23/104 [something (9)]
 17931 | D:12     | HP: 8/104 [something (7)]
 17932 | D:12     | HP: 2/104 [something (6)]
 17933 | D:12     | Killed from afar by a vampire

Illustrated notes

Levels and vault maps discovered:
D:1:      minmay_arrival_four_houses, layout_basic
D:2:      layout_rooms, minmay_misc_feat_enclosed
D:3:      layout_loops_ring, amcnicky_altar_gilded, zin_treasury,
          kennysheep_another_room
D:4:      layout_basic, nicolae_sif_muna_condensation
D:5:      layout_basic, temple_statues, gup_ossuary_entry_pyramid
D:6:      layout_basic, grunt_dithmenos_shadows, mainiacjoe_overflow_big_doors,
          old_standard_altar, serial_undead, serial_undead_b, serial_undead_f,
          serial_undead_d, serial_undead_e, serial_undead_f, serial_undead_d,
          st_stairs_7
D:7:      layout_gridville
D:8:      layout_gridville, chequers_serial_rivers_room_a, minmay_parallelograms
D:9:      layout_roguey, lemuel_zombie_altar_kikubaaqudgha,
          nzn_wu_jian_council_hall, lightli_wizard_tower
D:10:     layout_loops_ring, xom_shifter_show, elyvilon_altar_4,
          minmay_lair_entry_grove, hangedman_abyss_or_decor_lesser_grid,
          uniq_psyche
D:11:     layout_roguey, erik_orc_2
D:12:     layout_long_grid
Temple:   bh_familiar_temple

Skill      XL: |  1  2  3  4  5  6  7  8  9 10 11 12 |
---------------+-------------------------------------+-----
Spellcasting   | 3 4 5 6 8 10 | 10.0
Conjurations   | 5 6 7 8 9 10 | 10.0
Hexes          | 3 6 |  6.0
Fighting       | 1 5 8 9 |  9.1
Translocations | 2 5 |  5.0
Invocations    | 8 |  8.8
Dodging        | |  1.7
Stealth        | |  1.7

Action                     |  1- 3 |  4- 6 |  7- 9 | 10-12 || total
---------------------------+-------+-------+-------+-------++-------
  Melee: Dagger            |    32 |       |       |       ||    32
         Punch             |     1 |       |       |     1 ||     2
         Tailslap          |     5 |       |     5 |    16 ||    26
         Hand axe          |       |     1 |     1 |       ||     2
         Whip              |       |       |    33 |   105 ||   138
   Cast: Magic Dart        |    60 |    93 |   138 |   147 ||   438
         Searing Ray       |     2 |    15 |    57 |    53 ||   127
         Fulminant Prism   |       |       |    12 |    58 ||    70
         Iskenderun's Myst |       |       |       |    35 ||    35
 Invoke: Channel Magic     |       |       |       |     3 ||     3
Ability: Breathe Acid      |       |       |     5 |     4 ||     9
  Evoke: Wand              |       |       |       |     8 ||     8
    Use: Scroll            |       |     7 |     5 |     5 ||    17
 Armour: Skin              |    12 |    12 |    45 |    75 ||   144
  Dodge: Dodged            |    25 |    20 |   112 |   198 ||   355
  Block: Other             |     3 |     3 |    34 |    58 ||    98
         Reflection        |     1 |       |     1 |     5 ||     7

Levels and vault maps discovered:
D:1:      minmay_arrival_four_houses, layout_basic
D:2:      layout_rooms, minmay_misc_feat_enclosed
D:3:      layout_loops_ring, amcnicky_altar_gilded, zin_treasury,
          kennysheep_another_room
D:4:      layout_basic, nicolae_sif_muna_condensation
D:5:      layout_basic, temple_statues, gup_ossuary_entry_pyramid
D:6:      layout_basic, grunt_dithmenos_shadows, mainiacjoe_overflow_big_doors,
          old_standard_altar, serial_undead, serial_undead_b, serial_undead_f,
          serial_undead_d, serial_undead_e, serial_undead_f, serial_undead_d,
          st_stairs_7
D:7:      layout_gridville
D:8:      layout_gridville, chequers_serial_rivers_room_a, minmay_parallelograms
D:9:      layout_roguey, lemuel_zombie_altar_kikubaaqudgha,
          nzn_wu_jian_council_hall, lightli_wizard_tower
D:10:     layout_loops_ring, xom_shifter_show, elyvilon_altar_4,
          minmay_lair_entry_grove, hangedman_abyss_or_decor_lesser_grid,
          uniq_psyche
D:11:     layout_roguey, erik_orc_2
D:12:     layout_long_grid
Temple:   bh_familiar_temple

Table legend: (Time is in decaauts)
 A = Elapsed time spent in this place.
 B = Non-inter-level travel time spent in this place.
 C = Inter-level travel time spent in this place.
 D = Time resting spent in this place.
 E = Time spent auto-exploring this place.
 F = Levels seen in this place.
 G = Mean time per level.
                   A        B        C        D        E       F      G
               +--------+--------+--------+--------+--------+-----+--------+
         Total |  17979 |  16692 |   1287 |    224 |  14093 |  13 | 1383.0 |
       Dungeon |  17753 |  16486 |   1267 |    224 |  13891 |  12 | 1479.4 |
        Temple |    225 |    205 |     20 |      0 |    202 |   1 |  225.0 |
               +--------+--------+--------+--------+--------+-----+--------+

Top non-repeatable levels by time:
    D:11: 2168 daAuts
    D:10: 2023 daAuts
     D:6: 1866 daAuts
     D:5: 1803 daAuts
     D:9: 1551 daAuts
     D:4: 1512 daAuts
     D:8: 1330 daAuts
     D:7: 1320 daAuts
     D:3: 1222 daAuts
    D:12: 1012 daAuts
     D:1: 996 daAuts
     D:2: 946 daAuts
  Temple: 225 daAuts

Table legend:
 A = Kills in this place as a percentage of kills in the entire game.
 B = Kills by you in this place as a percentage of kills by you in the entire game.
 C = Kills by friends in this place as a percentage of kills by friends in the entire game.
 D = Other kills in this place as a percentage of other kills in the entire game.
 E = Experience gained in this place as a percentage of experience gained in the entire game.
 F = Experience gained in this place divided by the number of levels of this place that you have seen.
                   A       B       C       D       E      F
               +-------+-------+-------+-------+-------+----------------------
         Total | 100.0 | 100.0 |   N/A |   N/A | 100.0 | 1782.8
       Dungeon | 100.0 | 100.0 |   N/A |   N/A | 100.0 | 1931.3
               +-------+-------+-------+-------+-------+----------------------
